 Dungeon Crawl Stone Soup version 0.31.0-9-g3a7656b989 (webtiles) character file.

Game seed: 4970732992577665774

4 James the Sneak (level 1, -13/18 HPs)
             Began as a Formicid Delver on Jan 24, 2024.
             Was an Initiate of Qazlal.
             Killed by psychic fangs
             ... invoked by a brain worm
              (14 damage)
             ... in a sewer.
             The game lasted 00:00:54 (97 turns).

James the Sneak (Formicid Delver)                     Turns: 97, Time: 00:00:55

Health: -13/18     AC:  3    Str: 16    XL:     1   Next: 66%
Magic:  0/1        EV: 12    Int:  9    God:    Qazlal [......]
Gold:   0          SH:  0    Dex: 15    Spells: 0/0 levels left

rFire   . . .        a - +0 spear
rCold   . . .        (no shield)
rNeg    . . .        b - +0 leather armour
rPois   .            (helmet unavailable)
rElec   .            (no cloak)
rCorr   .            (no gloves)
SInv    +            (no boots)
Will    .....        (no amulet)
Stlth   +++          (no ring)
HPRegen 0.23/turn    (no ring)
MPRegen 0.07/turn

%: no passive effects
@: no status effects
A: permanent stasis, dig shafts and tunnels, antennae 3, four strong arms
a: Dig, Renounce Religion


You were in a sewer.
You worshipped Qazlal.
Qazlal was noncommittal.
You visited 1 branch of the dungeon, and saw 1 of its levels.
You also visited: Sewer.

Inventory:

Hand Weapons
 a - a +0 spear (weapon)
Armour
 b - a +0 leather armour (worn)
Wands
 v - a wand of digging (6)
Scrolls
 c - a scroll of fog
 d - a scroll of revelation
 e - a scroll of fear
 f - 3 scrolls of poison {unknown}


   Skills:
 - Level 3.2 Fighting
 + Level 2.4 Polearms
 - Level 1.7 Dodging
 - Level 6.0 Stealth


You couldn't memorise any spells.
You didn't know any spells.
Your spell library was empty.

Dungeon Overview and Level Annotations

Branches:
Dungeon (5/15)              Sewer (1/1)
 Temple: D:4-7

Altars:
Qazlal


Innate Abilities, Weirdness & Mutations

You cannot be hasted, slowed, berserked, paralysed or teleported.
You can dig through walls and to a lower floor.
You have a pair of large antennae on your head. (SInv)
Your four strong arms can wield two-handed weapons with a shield.


Message History

You are too injured to fight recklessly!
Reach: a) +0 spear
Press: ? - help, Dir - move target, f/p - bat
Aim: a bat (moderately wounded, about 50% to evade your +0 spear)
You reach to attack!
You hit the bat.
You kill the bat!
Qazlal accepts your kill. The bat barely misses you.
You hit the bat.
You kill the bat!
Qazlal accepts your kill. The bat completely misses you.
The bat hits you but does no damage.
There is an empty arch of ancient stone here.
You reach to attack!
You hit the bat.
You kill the bat!
Qazlal accepts your kill.
No target in view!
You start resting.
You see here a bat corpse.
A bat comes into view.
You reach to attack!
The helpless bat fails to defend itself.
You hit the bat.
You kill the bat!
Qazlal accepts your kill.
No target in view!
A bat comes into view.
A brain worm comes into view.
Press: ? - help, . - travel You can't see that place. [the floor.]
Okay, then.
You aren't carrying any potions.
Unknown command.
Okay, then.
Unknown command.
The brain worm's bulging head throbs.
Something gnaws on your mind!
You feel your power leaking away.
The brain worm's bulging head throbs.
Something gnaws heavily on your mind!
Ouch! That really hurt!
* * * LOW HITPOINT WARNING * * *
Found a potion of berserk rage.
Found a gate leading back out of this place.
The brain worm's bulging head throbs.
Something gnaws heavily on your mind!
Ouch! That really hurt!
You die...

##.....##
##...## ##.##
#.# #.# #.# #.#
#.# #@#
....!.........∩
...####.#######
#b# #w# ###


You could see a brain worm and a bat (asleep).

Vanquished Creatures
  4 bats (Sewer)
4 creatures vanquished.

Notes
Turn   | Place    | Note
-------+----------+-------------------------------------------
     0 | D:5      | James the Formicid Delver began the quest for the Orb.
     0 | D:5      | Reached XP level 1. HP: 18/18 MP: 1/1
     4 | D:5      | Became a worshipper of Qazlal Stormbringer
    13 | D:5      | Noticed a scorpion
    13 | D:5      | Noticed a sleepcap
    15 | D:5      | Found a glowing drain.
    24 | D:5      | Noticed an orc wizard
    27 | Sewer    | Entered a sewer
    86 | Sewer    | Noticed a brain worm
    97 | Sewer    | Killed from afar by a brain worm

Illustrated notes

Levels and vault maps discovered:
D:5:      corexii_shantytown, layout_basic,
          nicolae_gozag_cash_rules_everything_around_me,
          nicolae_qazlal_scattered_showers, marbit_many_paths,
          cheibrodos_sewer_entry_drain, minmay_misc_feat_nine_boxes,
          uniq_sigmund, uniq_pikel
Sewer:    sewer_big_baddie

Action                     || total
---------------------------++-------
  Melee: Spear             ||    11
   Stab: Sleeping          ||     2
 Armour: Leather armour    ||    13
  Dodge: Dodged            ||    20
